 Dungeon Crawl Stone Soup version 0.29.1-15-g9cfb28693d (webtiles) character file.

Game seed: 18346752963984514655

18 Silvore the Trooper (level 2, -4/24 HPs)
             Began as a Demonspawn Monk on Apr 30, 2023.
             Slain by a black bear (6 damage)
             ... created by the rage of Trog
             ... on level 1 of the Dungeon.
             The game lasted 00:01:16 (672 turns).

Silvore the Trooper (Demonspawn Monk)                Turns: 672, Time: 00:01:16

Health: -4/24      AC:  5    Str: 11    XL:     2   Next: 51%
Magic:  2/2        EV: 12    Int: 11    God:
Gold:   40         SH:  0    Dex: 15    Spells: 1/1 levels left

rFire   . . .      SeeInvis .   a - +0 hand axe
rCold   . . .      Faith    .   (no shield)
rNeg    . . .      Spirit   .   d - +0 ring mail
rPois   .          Reflect  .   (no helmet)
rElec   .          Harm     .   (no cloak)
rCorr   .          Rampage  .   (no gloves)
Will    .....                   (no boots)
Stlth   ++........              (no amulet)
HPRegen 0.08/turn               (no ring)
MPRegen 0.08/turn               (no ring)

@: no status effects
A: sturdy frame 1
a: no special abilities


You were on level 1 of the Dungeon.
You visited 1 branch of the dungeon, and saw 1 of its levels.

You collected 40 gold pieces.

Inventory:

Hand Weapons
 a - a +0 hand axe (weapon)
Armour
 b - a +0 robe
 d - a +0 ring mail (worn)
Scrolls
 f - a scroll of vulnerability {unknown}
 h - a scroll of summoning {unknown}
Potions
 c - a potion of ambrosia
 e - a potion of attraction {unknown}
 g - a potion of curing {unknown}


   Skills:
 + Level 3.2 Fighting
 + Level 2.9 Axes
 + Level 0.2 Armour
 + Level 2.9 Dodging
 + Level 2.0 Stealth


You had one spell level left.
You didn't know any spells.
Your spell library was empty.

Dungeon Overview and Level Annotations

Branches:
Dungeon (1/15)

Altars:
Trog


Innate Abilities, Weirdness & Mutations

Your movements are slightly less encumbered by armour. (ER -2)


Message History

You miss the bat. x2; The bat closely misses you.
The bat misses you. The bat hits you but does no damage.
You hit the bat but do no damage. The bat misses you. The bat hits you.
The bat closely misses you. The bat hits you but does no damage.
You slash the bat!
You kill the bat!
The bat hits you but does no damage.
Your Stealth skill increases to level 2!
The bat barely misses you. The bat hits you but does no damage.
You closely miss the bat. The bat barely misses you.
The bat closely misses you. The bat barely misses you. x2
You hit the bat.
The bat is moderately wounded.
The bat hits you but does no damage. The bat closely misses you.
You hit the bat.
The bat is moderately wounded.
The bat closely misses you. The bat hits you but does no damage.
You closely miss the bat. The bat hits you but does no damage.
The bat barely misses you.
You hit the bat.
You kill the bat!
You see here a bat corpse.
Trog sends monsters to punish you. 3 black bears come into view.
There are monsters nearby!
Unknown command.
The black bear bites you. The black bear claws you.
The black bear closely misses you. The black bear bites you.
The black bear claws you.
* * * LOW HITPOINT WARNING * * *
The black bear claws you but does no damage.
The black bear closely misses you. The black bear claws you.
* * * LOW HITPOINT WARNING * * *
The black bear claws you but does no damage.
The black bear attacks as you move away!
The black bear bites you.
You die...

# ############## ..#
#............# #.#
#....#######.# #.#
####....#######.#### ..#
#.........hh@...##.### ..#
#..........h.........########
..#
#.......†.####.........†.....
.##
####..>.######..#...#########
..# #.........[>.##.## ..#
#.(.###########.# ..#
#......# #.# †.# #....#.#
##+## ..# #.##.#.# ##...##
####


You could see 3 black bears.

Vanquished Creatures
  2 endoplasms (D:1)
  2 goblins (D:1)
  2 hobgoblins (D:1)
  A kobold (D:1)
  2 ball pythons (D:1)
  4 bats (D:1)
  A frilled lizard (D:1)
  6 rats (D:1)
20 creatures vanquished.

Notes
Turn   | Place    | Note
-------+----------+-------------------------------------------
     0 | D:1      | Silvore the Demonspawn Monk began the quest for the Orb.
     0 | D:1      | Reached XP level 1. HP: 18/18 MP: 1/1
   343 | D:1      | Gained mutation: Your movements are slightly less
                  | encumbered by armour. (ER -2) [demonic ancestry]
   343 | D:1      | Reached XP level 2. HP: 23/24 MP: 2/2
   499 | D:1      | Found a faded altar of an unknown god.
   518 | D:1      | Prayed at the altar of an unknown god.
   518 | D:1      | Became a worshipper of Trog the Wrathful
   518 | D:1      | Reached * piety under Trog
   518 | D:1      | Reached ** piety under Trog
   519 | D:1      | Fell from the grace of Trog
   666 | D:1      | Noticed a black bear
   666 | D:1      | Noticed a black bear
   666 | D:1      | Noticed a black bear
   672 | D:1      | Slain by a black bear

Illustrated notes

Levels and vault maps discovered:
D:1:      minmay_arrival_wavy_path, layout_loops_corners, serial_shops,
          nicolae_shop_waterfront, ebering_ecumenical_altar_rust

Skill      XL: |  1  2 |
---------------+-------+-----
Stealth        | 2 |  2.0
Fighting       | |  3.2
Axes           | |  2.9
Armour         | |  0.2
Dodging        | |  2.9

Action                   || total
-------------------------++-------
Melee: Hand axe          ||    69
       Punch             ||     1
Invok: Renounce Religion ||     1
  Use: Scroll            ||     2
 Stab: Sleeping          ||     1
Armor: Ring mail         ||    27
Dodge: Dodged            ||    54
